 Seeded DCSS version 0.30-a0-857-gcaf70739d4 (webtiles) character file.

Game seed: 18242870539230726858 (custom seed)

2837 bmack86 the Cleaver (level 9, -11/79 HPs)
             Began as a Minotaur Fighter on Mar 6, 2023.
             Was a Believer of Okawaru.
             Mangled by an orc warlord
             ... wielding a +7 battleaxe
              (12 damage)
             ... in a bailey.
             The game lasted 00:15:51 (5454 turns).

bmack86 the Cleaver (Minotaur Fighter)              Turns: 5454, Time: 00:15:51

Health: -11/79     AC: 20    Str: 24    XL:     9   Next: 45%
Magic:  9/10       EV: 10    Int:  5    God:    Okawaru [**....]
Gold:   307        SH:  7    Dex: 11    Spells: 8/8 levels left

rFire   . . .      SeeInvis .    a - +0 war axe
rCold   . . .      Faith    .    c - +0 buckler
rNeg    . . .      Spirit   .    B - +2 chain mail {Will+}
rPois   +          Reflect  .    (helmet restricted)
rElec   .          Rampage  .    D - +1 cloak
rCorr   .                        (no gloves)
Will    +....                    j - +2 pair of boots {Fly} Stlth
                                 o - amulet of regeneration
HPRegen 1.13/turn                k - ring of poison resistance
MPRegen 0.12/turn                (no ring)

@: heroic, flying, hasted, studying Shields, very quick
A: horns 2, retaliatory headbutt
a: Renounce Religion, Heroism


You were in a bailey.
You worshipped Okawaru.
Okawaru was pleased with you.
You visited 1 branch of the dungeon, and saw 7 of its levels.
You also visited: Bailey.

You collected 539 gold pieces.
You spent 232 gold pieces at shops.

Inventory:

Hand Weapons
 a - a +0 war axe (weapon)
Missiles
 r - 19 boomerangs (quivered)
Armour
 c - a +0 buckler (worn)
 j - a +2 pair of boots of flying (worn)
 q - a +0 plate armour
 B - a +2 chain mail of willpower (worn)
 D - a +1 cloak (worn)
Jewellery
 k - a ring of poison resistance (left hand)
 o - an amulet of regeneration (around neck)
 x - a ring of flight
Scrolls
 d - 3 scrolls of enchant weapon {unknown}
 f - 2 scrolls of fear {unknown}
 h - 4 scrolls of vulnerability {unknown}
 i - 4 scrolls of identify
 l - 4 scrolls of teleportation {unknown}
 p - a scroll of torment {unknown}
 s - 2 scrolls of immolation {unknown}
 t - a scroll of fog {unknown}
 v - 3 scrolls of blinking {unknown}
 w - a scroll of poison
 y - a scroll of noise
 C - a scroll of butterflies {unknown}
Potions
 b - a potion of heal wounds
 e - 2 potions of attraction
 g - 3 potions of mutation
 m - a potion of invisibility
 u - a potion of magic
 z - 3 potions of curing
 A - 2 potions of lignification
 E - a potion of resistance {unknown}


   Skills:
 + Level 7.2(12.2) Fighting
 * Level 9.2(14.2) Axes
 + Level 3.9(8.9) Throwing
 + Level 7.2(12.2) Armour
 + Level 7.9(12.9) Shields
 + Level 3.9 Invocations


You had 8 spell levels left.
You didn't know any spells.
Your spell library contained the following spells:

 Spells                   Type           Power      Damage    Failure   Level
 Kiss of Death            Conj/Necr      0%         2d5       96%         1
 Magic Dart               Conj           0%         1d3       96%         1
 Lesser Beckoning         Tloc           0%         N/A       99%         2
 Confusing Touch          Hex            0%         N/A       100%        3
 Gell's Gravitas          Tloc           0%         N/A       100%        3
 Mephitic Cloud           Conj/Pois/Air  0%         N/A       100%        3
 Teleport Other           Tloc           0%         N/A       100%        3
 Dispel Undead            Necr           0%         3d6       100%        4
 Call Imp                 Summ           Unusable   N/A       N/A         2

Dungeon Overview and Level Annotations

Branches:
Dungeon (7/15)             Temple (0/1) D:6          Bailey (1/1)

Altars:
Cheibriados
Gozag
Okawaru
Ru
Wu Jian

Shops:
D:1 ((*[*   D:2 *   D:6 *


Innate Abilities, Weirdness & Mutations

You have a pair of horns on your head.
You reflexively headbutt those who attack you in melee.


Message History

You completely miss the orc warlord.
The orc warlord is moderately wounded.
The orc warlord hits you with a +7 battleaxe!!
You slash the orc warlord! You headbutt the orc warlord.
The orc warlord is heavily wounded.
You hit the orc warlord but do no damage.
The orc warlord is heavily wounded.
The orc warlord hits you with a +7 battleaxe.
You hit the orc warlord but do no damage.
Your headbutt misses the orc warlord.
The orc warlord is heavily wounded.
The orc warlord closely misses you. You furiously retaliate!
You headbutt the orc warlord. You hit the orc warlord.
The orc warlord is heavily wounded.
You hit the orc warlord.
The orc warlord is heavily wounded.
You block the orc warlord's attack.
You hit the orc warlord but do no damage.
The orc warlord is heavily wounded.
You slash the orc warlord! Your headbutt misses the orc warlord.
The orc warlord is severely wounded.
The orc warlord hits you with a +7 battleaxe!!
* * * LOW HITPOINT WARNING * * *
You closely miss the orc warlord.
The orc warlord is severely wounded.
You hit the orc warlord but do no damage.
The orc warlord is severely wounded.
The orc warlord hits you with a +7 battleaxe!
* * * LOW HITPOINT WARNING * * *
You slash the orc warlord! Your headbutt misses the orc warlord.
The orc warlord is severely wounded.
You slash the orc warlord! Your headbutt misses the orc warlord.
The orc warlord is almost dead.
The orc warlord hits you with a +7 battleaxe!
* * * LOW HITPOINT WARNING * * *
You hit the orc warlord.
The orc warlord is almost dead.
The orc warlord hits you with a +7 battleaxe!
You die...

##..8..8...#~~~)~#......
#..........#~~~~)#......
#..........'.....')...8.
#...8......#########....
##......#### ~~ ~ ##...
##.....#~~#~.. .[ #...
##....#~........?~#...
#.).##~8.8...8.8##...
#...@o~.........#....
#...'~~....∩....#....
#...'~~..... ...#....
#...##~8.8.. 8.8##...
##....#~..... ..?~#...
##...†.#~~#~.. .[~#...
##...)..####~~~ ~~##...
#...8......#########....
#..........'.....')...8.


You could see an orc warlord.

Vanquished Creatures
  2 orc knights (Bailey)
  Sigmund (D:2)
  A water moccasin (D:5)
  4 black bears
  3 orc warriors (Bailey)
  An ogre (D:4)
  A centaur (D:6)
  3 phantoms
  A scorpion (D:4)
  3 hounds
  3 iguanas
  A sleepcap (D:5)
  4 orc wizards (D:5)
  11 gnolls
  8 adders
  A shadow imp (D:6)
  A white imp (D:6)
  An ufetubus (D:6)
  A worm (D:2)
  2 dart slugs
  10 orcs
  7 ball pythons
  6 endoplasms
  7 giant cockroaches
  19 goblins
  6 hobgoblins
  3 quokkas
  9 bats
  15 frilled lizards
  19 kobolds
  6 rats
160 creatures vanquished.

Vanquished Creatures (others)
  8 plants (D:1)
8 creatures vanquished.

Grand Total: 168 creatures vanquished

Notes
Turn   | Place    | Note
-------+----------+-------------------------------------------
     0 | D:1      | bmack86 the Minotaur Fighter began the quest for the Orb.
     0 | D:1      | Reached XP level 1. HP: 19/19 MP: 0/0
   233 | D:1      | Reached XP level 2. HP: 27/27 MP: 1/1
   234 | D:1      | Found Iczoal's Antique Armour Shop.
   347 | D:1      | Found Mapt's Weapon Shop.
   354 | D:1      | Reached skill level 3 in Axes
   400 | D:1      | Found Ridunu's General Store.
   415 | D:1      | Bought a scroll of identify for 20 gold pieces
   531 | D:1      | Found Gaux's General Store.
   714 | D:1      | Found Mazynewu's Weapon Shoppe.
   986 | D:2      | Reached XP level 3. HP: 33/33 MP: 2/2
  1117 | D:2      | Noticed Sigmund
  1133 | D:2      | Killed Sigmund
  1134 | D:2      | Reached skill level 4 in Axes
  1134 | D:2      | Reached XP level 4. HP: 16/41 MP: 3/3
  1134 | D:2      | Reached XP level 5. HP: 19/47 MP: 4/4
  1322 | D:2      | Reached skill level 5 in Axes
  1486 | D:2      | Identified the +0 leather armour of Xuytoo {rF++ rN+}
  1734 | D:2      | Reached XP level 6. HP: 55/55 MP: 5/5
  1736 | D:2      | Found Qerurash's Assorted Antiques.
  1758 | D:2      | Bought a thin malachite amulet for 125 gold pieces
  1965 | D:3      | Reached skill level 5 in Fighting
  1965 | D:3      | Reached skill level 5 in Shields
  1974 | D:3      | Reached skill level 5 in Armour
  2633 | D:4      | Found a sacrificial altar of Ru.
  2633 | D:4      | Found an iron altar of Okawaru.
  2645 | D:4      | Became a worshipper of Warmaster Okawaru
  2667 | D:4      | Reached skill level 6 in Axes
  2667 | D:4      | Reached XP level 7. HP: 52/61 MP: 6/6
  2749 | D:4      | Found an opulent altar of Gozag.
  3254 | D:4      | Reached skill level 1 in Throwing
  3254 | D:4      | Reached skill level 1 in Invocations
  3341 | D:5      | Entered Level 5 of the Dungeon
  3568 | D:5      | Identified the +0 quarterstaff "Mujap" {heavy, Will+}
  3673 | D:5      | Reached * piety under Okawaru
  3674 | D:5      | Reached skill level 7 in Axes
  3674 | D:5      | Reached XP level 8. HP: 68/70 MP: 8/8
  4235 | D:6      | Found Yffurim's Assorted Antiques.
  4239 | D:6      | Bought a scroll labelled QINEB HARRUKU for 29 gold pieces
  4239 | D:6      | Bought a scroll labelled VENOUL ITESEAMO for 29 gold pieces
  4239 | D:6      | Bought a scroll labelled ZUSI RYIMEBAANG for 29 gold pieces
  4358 | D:6      | Found a snail-covered altar of Cheibriados.
  4384 | D:6      | Found an ornate altar of the Wu Jian Council.
  4572 | D:6      | Found a staircase to the Ecumenical Temple.
  4949 | D:6      | Identified a scroll of acquirement
  4950 | D:6      | Acquired a manual of Shields
  5097 | D:7      | Found a flagged portal.
  5101 | D:7      | Reached skill level 8 in Axes
  5116 | Bailey   | Entered a bailey
  5138 | Bailey   | Noticed an orc warlord
  5172 | Bailey   | Reached ** piety under Okawaru
  5224 | Bailey   | Noticed an orc knight
  5249 | Bailey   | Killed an orc knight
  5250 | Bailey   | Reached XP level 9. HP: 42/78 MP: 8/10
  5284 | Bailey   | Noticed an orc knight
  5298 | Bailey   | Killed an orc knight
  5299 | Bailey   | Reached skill level 9 in Axes
  5328 | Bailey   | Found a runed translucent gate.
  5329 | Bailey   | Found a runed translucent gate.
  5330 | Bailey   | Found a runed translucent gate.
  5347 | Bailey   | Reached *** piety under Okawaru
  5453 | Bailey   | HP: 1/79 [orc warlord/+7 battleaxe (15)]
  5454 | Bailey   | Mangled by an orc warlord

Illustrated notes

Levels and vault maps discovered:
D:1:      dpeg_arrival_stone_temple_mockup, layout_basic, serial_shops, shop,
          shop_statue, shop_statue, nicolae_shop_advertising_works
          [nicolae_subvault_shop_adworks], nicolae_shop_bloodbath_and_beyond,
          minmay_lizard_king
D:2:      layout_loops_ring, serial_shops, nicolae_lakefront_shop,
          minmay_pentomino_pile, uniq_sigmund
D:3:      layout_loops_ring
D:4:      layout_cave_pods, grunt_gozag_statues,
          mainiacjoe_overflow_divided_tiny
D:5:      minmay_angry_zag, layout_gridville
D:6:      layout_basic, mainiacjoe_overflow_two_lobes,
          minmay_temple_entry_slanted, serial_shops, nicolae_stop_n_shop_2,
          hangedman_decor_growths
D:7:      layout_layer_cave, enter_bailey_3, ebering_ghost_reflecting_pool
Bailey:   bailey_axe_bossmonster_kennysheep, bailey

Skill      XL: |  1  2  3  4  5  6  7  8  9 |
---------------+----------------------------+-----
Axes           | 3 4 5 6 7 8 9 |  9.2
Fighting       | 4 5 6 7 |  7.2
Armour         | 4 5 6 7 |  7.2
Shields        | 4 5 7 |  7.9
Throwing       | 2 3 |  3.9
Invocations    | 2 3 |  3.9

Action                     |  1- 3 |  4- 6 |  7- 9 || total
---------------------------+-------+-------+-------++-------
  Melee: War axe           |    63 |   123 |   228 ||   414
         Headbutt          |     5 |    17 |    38 ||    60
  Throw: Boomerang         |       |     4 |     4 ||     8
 Invoke: Heroism           |       |       |     3 ||     3
    Use: Potion            |     1 |       |     1 ||     2
         Scroll            |       |     1 |    12 ||    13
 Armour: Scale mail        |    34 |    36 |       ||    70
         Plate armour      |       |    52 |   102 ||   154
         Chain mail        |       |       |    72 ||    72
  Dodge: Dodged            |    30 |    56 |    68 ||   154
  Block: Buckler           |    11 |    35 |    60 ||   106

Table legend: (Time is in decaauts)
 A = Elapsed time spent in this place.
 B = Non-inter-level travel time spent in this place.
 C = Inter-level travel time spent in this place.
 D = Time resting spent in this place.
 E = Time spent auto-exploring this place.
 F = Levels seen in this place.
 G = Mean time per level.
                   A        B        C        D        E       F      G
               +--------+--------+--------+--------+--------+-----+--------+
         Total |   5529 |   5255 |    274 |     33 |   3501 |   8 |  691.1 |
       Dungeon |   5199 |   4925 |    274 |      0 |   3494 |   7 |  742.7 |
        Bailey |    329 |    329 |      0 |     33 |      7 |   1 |  329.0 |
               +--------+--------+--------+--------+--------+-----+--------+

Top non-repeatable levels by time:
     D:1: 1013 daAuts
     D:2: 938 daAuts
     D:5: 907 daAuts
     D:4: 849 daAuts
     D:6: 825 daAuts
     D:3: 605 daAuts
  Bailey: 329 daAuts
     D:7: 60 daAuts
